AoeStats
← Immaez

African Clearing

510826694Analyzed
4v4 RM · 8h ago on Oct 2, 2026· 57m 7s· 8 players
Game mode
Random Map
Map size
Large (8 player)
Population
200
Speed
Normal
Resources
Standard
Victory
Conquest
Starting age
Dark Age
Ending age
Imperial Age
RankedLock teamsTeams togetherTeam positionsShared explorationLock speedFull tech treeHidden civsTurbo modeCheats
Victory
Defeat
🇵🇱 Varangians · Poland
1220
+38
1210
+15
🇮🇹 Japanese · Italy
1191
+16
🇫🇷 Chinese · France
1162
+17
🇬🇵 Italians · Guadeloupe
1308
-20
🇧🇪 Varangians · Belgium
1287
-19
🇲🇶 Mongols · Martinique
1110
-13
🇬🇵 Ethiopians · Guadeloupe
1078
-18
Immaez
8:41 Loom
14:34 Feudal Age
14:55 Feudal Age
16:26 Town Watch
16:49 Double-Bit Axe
19:22 Castle Age
20:10 Scale Mail Armor
22:31 Chain Mail Armor
43:00 Wheelbarrow
42:37 Bow Saw
44:20 Horse Collar
44:31 Gold Mining
44:32 Stone Mining
45:09 Hand Cart
45:20 Heavy Plow
46:42 Stone Shaft Mining
48:49 Town Patrol
51:51 Caravan
57:23 Fletching
57:54 Ballistics
Petersplaff
3:01 Loom
11:46 Feudal Age
12:32 Double-Bit Axe
14:02 Scale Barding Armor
15:40 Wheelbarrow
16:47 Forging
21:44 Castle Age
19:55 Horse Collar
22:50 Bow Saw
22:57 Bloodlines
23:31 Hand Cart
23:55 Heavy Plow
27:28 Chain Barding Armor
27:43 Iron Casting
34:36 Imperial Age
36:50 Two-Man Saw
37:18 Plate Barding Armor
36:50 Husbandry
37:25 Cavalier
39:53 Elite Skirmisher
42:38 Blast Furnace
45:05 Fletching
45:16 Padded Archer Armor
54:03 Elite Chu Ko Nu
55:37 Thumb Ring
yangcongze30
4:06 Loom
15:49 Feudal Age
19:58 Castle Age
23:48 Stone Mining
26:33 Double-Bit Axe
28:45 Gold Mining
35:19 Imperial Age
34:07 Bow Saw
33:54 Fletching
35:36 Wheelbarrow
37:05 Hand Cart
38:11 Town Watch
38:45 Treadmill Crane
41:26 Conscription
43:34 Two-Man Saw
43:57 Hoardings
43:48 Ballistics
45:01 Horse Collar
46:14 Bodkin Arrow
47:29 Bracer
47:19 Elite Skirmisher
48:05 Thumb Ring
48:41 Padded Archer Armor
49:28 Kataparuto
50:10 Chemistry
49:51 Heavy Plow
50:26 Masonry
53:05 Town Patrol
55:40 Elite Samurai
56:30 Siege Engineers
Prince Of The Darkness
8:33 Loom
20:13 Feudal Age
24:30 Castle Age
24:26 Double-Bit Axe
27:22 Bow Saw
29:12 Fletching
30:12 Bodkin Arrow
34:01 Wheelbarrow
40:18 Hand Cart
40:40 Horse Collar
44:26 Imperial Age
43:09 Wagenburg Tactics
45:58 Conscription
45:53 Heavy Plow
46:30 Bracer
46:10 Elite Hussite Wagon
48:27 Chemistry
47:37 Masonry
47:23 Murder Holes
51:12 Ballistics
51:22 Architecture
54:44 Two-Man Saw
53:42 Houfnice
54:30 Cavalier
55:10 Husbandry
PetsSs
10:24 Loom
14:13 Feudal Age
17:52 Castle Age
22:38 Double-Bit Axe
28:10 Forging
29:01 Town Watch
33:48 Iron Casting
38:24 Imperial Age
36:55 Bloodlines
36:46 Husbandry
38:17 Fletching
39:11 Scale Barding Armor
44:10 Blast Furnace
44:56 Chain Barding Armor
46:06 Elite Jarl
48:23 Plate Barding Armor
49:36 Bodkin Arrow
53:01 Light Cavalry
55:15 Wheelbarrow
55:07 Hussar
HyNo
14:35 Feudal Age
16:30 Bloodlines
16:30 Scale Barding Armor
19:17 Double-Bit Axe
30:45 Castle Age
29:37 Fletching
32:06 Bow Saw
31:45 Crossbowman
38:21 Bodkin Arrow
45:26 Padded Archer Armor
46:45 Leather Archer Armor
47:32 Town Watch
51:36 Ballistics
SULIMAN
4:50 Loom
15:57 Feudal Age
24:07 Castle Age
21:59 Fletching
22:50 Padded Archer Armor
31:17 Ballistics
36:50 Bodkin Arrow
55:47 Wheelbarrow
franky97160
3:52 Loom
19:01 Feudal Age
26:59 Castle Age
25:00 Double-Bit Axe
26:30 Arson
27:05 Forging
33:27 Bow Saw
33:02 Horse Collar
43:29 Gold Mining
43:33 Stone Mining
45:05 Wheelbarrow
48:21 Hand Cart
47:53 Town Watch
48:37 Murder Holes
55:46 Gold Shaft Mining
55:49 Stone Shaft Mining
Connection lost

Rejoining the realm…

Still unreachable

The connection could not be restored.

Session expired

The server has moved on; the page needs a fresh start.